 Dungeon Crawl Stone Soup version 0.30.1-4-g462c640d31 (webtiles) character file.

Game seed: 6631723248490154247

15408913 scisormetimb3rs the Conqueror (level 27, 245/273 HPs)
             Began as a Ghoul Fighter on Aug 15, 2023.
             Was a High Priest of Okawaru.
             Escaped with the Orb
             ... and 15 runes on Aug 16, 2023!
             The game lasted 04:16:26 (101795 turns).

scisormetimb3rs the Conqueror (Ghoul Fighter)     Turns: 101795, Time: 04:16:26

Health: 245/273    AC: 54    Str: 37    XL:     27
Magic:  39/39      EV: 30    Int: 15    God:    Okawaru [*****.]
Gold:   13923      SH: 27    Dex: 24    Spells: 26/26 levels left

rFire   + + +        T - +10 broad axe "Ituf" {speed, Dex+5}
rCold   + + +        F - +2 shield of Resistance {rF++ rC++ Will++}
rNeg    + + +        E - +10 crystal plate armour "Tanesys" {Slay+2}
rPois   ∞            K - +0 helmet of Instinct {rC+ Int+2 Dex+4}
rElec   +            n - +1 cloak of Starlight {*Dazzle EV+4 Stlth--}
rCorr   .            R - +2 pair of gloves of Okawaru's Wrath {rElec Str+5}
SInv    .            C - +2 pair of boots {Fly}
Will    ++++.        Z - amulet "Diewes" {Reflect Rampage Regen+ Slay+2 SH+5} Stlth
                     O - ring of the Middle {EV+5 Dex+3}
HPRegen 1.45/turn    w - ring "Ozaongaf" {rF+ Str+2 Int+6 Dex+4}
MPRegen 0.26/turn

%: reflection, rampage
@: flying, studying 2 skills
A: claws 1, cold resistance 1, negative energy resistance 3, inhibited
regeneration, torment resistance 2, devour on kill
0: Orb of Zot
}: 15/15 runes: decaying, slimy, silver, golden, iron, obsidian, icy, bone,
abyssal, demonic, glowing, magical, fiery, dark, gossamer
a: Renounce Religion, Heroism, Finesse, Duel


You escaped.
You worshipped Okawaru.
Okawaru was extremely pleased with you.
You visited 18 branches of the dungeon, and saw 88 of its levels.
You visited Pandemonium 1 time, and saw 15 of its levels.
You visited the Abyss 3 times.
You visited 1 ziggurat, and saw 10 of its levels.
You also visited: Ossuary, Bailey, Gauntlet and Ice Cave.

You collected 15412 gold pieces.
You spent 1489 gold pieces at shops.

Inventory:

Hand Weapons
 G - a +9 broad axe of flaming
 T - the +10 broad axe "Ituf" (weapon) {speed, Dex+5}
   (You acquired it on level 3 of the Lair of Beasts)

   Dex:       It affects your dexterity (+5).
 Y - a +9 vampiric broad axe
Armour
 n - the +1 cloak of Starlight (worn) {*Dazzle EV+4 Stlth--}
   (You bought it in a shop on level 2 of the Orcish Mines)

   *Dazzle:   It may blind those who miss an attack against the wearer in melee
   combat.
   EV:        It affects your evasion (+4).
   Stlth:     It makes you much less stealthy.
 p - +8 gold dragon scales
 C - a +2 pair of boots of flying (worn)
 E - the +10 crystal plate armour "Tanesys" (worn) {Slay+2}
   (Okawaru gifted it to you on level 1 of the Vaults)

   Slay:      It affects your accuracy & damage with ranged weapons and melee
   (+2).
 F - the +2 shield of Resistance (worn) {rF++ rC++ Will++}
   (Okawaru gifted it to you on level 1 of the Elven Halls)

   rF:        It greatly protects you from fire.
   rC:        It greatly protects you from cold.
   Will:      It greatly increases your willpower.
 K - the +0 helmet of Instinct (worn) {rC+ Int+2 Dex+4}
   (You acquired it in Pandemonium)

   Int:       It affects your intelligence (+2).
   Dex:       It affects your dexterity (+4).
   rC:        It protects you from cold.
 R - the +2 pair of gloves of Okawaru's Wrath (worn) {rElec Str+5}
   (Okawaru gifted it to you on level 1 of the Depths)

   Str:       It affects your strength (+5).
   rElec:     It insulates you from electricity.
 S - the +4 dragonskin cloak
   (You took it off Tiamat on level 2 of the Realm of Zot)

   Avatar's Aegis: It grants the wearer a chance to resist fire, cold, poison,
   electricity, acid, and negative energy.
Jewellery
 a - the ring of Linearity {rPois rCorr Int-2 Slay+3 SInv}
   (You found it on level 3 of the Elven Halls)

   [ring of see invisible]

   Int:       It affects your intelligence (-2).
   Slay:      It affects your accuracy & damage with ranged weapons and melee
   (+3).
   rPois:     It protects you from poison.
   SInv:      It lets you see invisible.
   rCorr:     It protects you from acid and corrosion.
 c - the ring of the Raven {Ice rElec Str+5 Int-5}
   (You took it off a balrug on level 7 of Gehenna)

   [ring of ice]

   It enhances your ice magic.
   Str:       It affects your strength (+5).
   Int:       It affects your intelligence (-5).
   rF:        It makes you vulnerable to fire.
   rC:        It protects you from cold.
   rElec:     It insulates you from electricity.
 v - the ring of Galirph {+Blink rC+ Str+2}
   (You took it off a deep elf high priest on level 3 of the Elven Halls)

   [ring of protection from cold]

   Str:       It affects your strength (+2).
   rC:        It protects you from cold.
   +Blink:    It lets you blink.
 w - the ring "Ozaongaf" (right hand) {rF+ Str+2 Int+6 Dex+4}
   (You found it on level 5 of a ziggurat)

   [ring of intelligence]

   Str:       It affects your strength (+2).
   Int:       It affects your intelligence (+6).
   Dex:       It affects your dexterity (+4).
   rF:        It protects you from fire.
 O - the ring of the Middle (left hand) {EV+5 Dex+3}
   (You took it off a deep elf death mage on level 3 of the Elven Halls)

   [ring of evasion]

   EV:        It affects your evasion (+5).
   Dex:       It affects your dexterity (+3).
 Q - a ring of willpower
 Z - the amulet "Diewes" (around neck) {Reflect Rampage Regen+ Slay+2 SH+5}
   (You acquired it on level 5 of the Vaults)

   [amulet of reflection]

   It reflects blocked missile attacks.
   Slay:      It affects your accuracy & damage with ranged weapons and melee
   (+2).
   Regen:     It increases your rate of health regeneration.
   SH:        It affects your SH (+5).
   Rampage:   It bestows one free step when moving towards enemies.
Wands
 m - a wand of iceblast (112)
 r - a wand of mindburst (66)
 B - a wand of digging (20)
 D - a wand of flame (158)
 M - a wand of quicksilver (34)
Scrolls
 f - 14 scrolls of fog
 i - 2 scrolls of blinking
 k - 36 scrolls of teleportation
 o - 10 scrolls of fear
 u - 6 scrolls of enchant weapon
 y - a scroll of brand weapon
 H - 3 scrolls of silence
 I - 6 scrolls of poison
 L - 7 scrolls of enchant armour
 P - a scroll of magic mapping
 U - a scroll of torment
Potions
 b - 10 potions of cancellation
 d - 6 potions of might
 e - 3 potions of brilliance
 g - 12 potions of flight
 h - 34 potions of curing
 j - 4 potions of invisibility
 l - 3 potions of heal wounds
 q - 15 potions of mutation
 t - 13 potions of lignification
 x - 2 potions of haste
 z - 8 potions of berserk rage
 A - 13 potions of attraction
 X - 8 potions of resistance
Miscellaneous
 N - a figurine of a ziggurat
 V - the horn of Geryon


   Skills:
 O Level 27 Fighting
 O Level 27 Axes
 + Level 25.8 Armour
 + Level 18.1 Dodging
 O Level 27 Shields
 O Level 27 Invocations
 + Level 19.9 Evocations


You had 26 spell levels left.
You didn't know any spells.
Your spell library contained the following spells:

 Spells                   Type           Power      Damage    Failure   Level
 Apportation              Tloc           0%         N/A       75%         1
 Foxfire                  Conj/Fire      0%         2x1d4     75%         1
 Freeze                   Ice            0%         1d3       75%         1
 Magic Dart               Conj           0%         1d3       75%         1
 Necrotise                Necr           0%         1d4       75%         1
 Sandblast                Erth           0%         2d4       75%         1
 Shock                    Conj/Air       0%         1d3       75%         1
 Slow                     Hex            0%         N/A       75%         1
 Blink                    Tloc           0%         N/A       86%         2
 Cigotuvi's Dreadful Rot  Necr/Pois/Air  0%         N/A       86%         2
 Ensorcelled Hibernation  Hex/Ice        0%         N/A       86%         2
 Lesser Beckoning         Tloc           0%         N/A       86%         2
 Momentum Strike          Conj/Tloc      0%         3d8       86%         2
 Passwall                 Tmut/Erth      0%         N/A       86%         2
 Poisonous Vapours        Pois/Air       0%         N/A       86%         2
 Searing Ray              Conj           0%         2d4       86%         2
 Static Discharge         Conj/Air       0%         2-2/arc   86%         2
 Confusing Touch          Hex            0%         N/A       98%         3
 Frozen Ramparts          Ice            0%         1d1       98%         3
 Gell's Gravitas          Tloc           0%         N/A       98%         3
 Hailstorm                Conj/Ice       0%         3d3       98%         3
 Ignite Poison            Fire/Tmut/Pois 0%         N/A       98%         3
 Inner Flame              Hex/Fire       0%         N/A       98%         3
 Mephitic Cloud           Conj/Pois/Air  0%         N/A       98%         3
 Ozocubu's Armour         Ice            0%         N/A       98%         3
 Portal Projectile        Hex/Tloc       0%         N/A       98%         3
 Stone Arrow              Conj/Erth      0%         3d7       98%         3
 Swiftness                Air            0%         N/A       98%         3
 Teleport Other           Tloc           0%         N/A       98%         3
 Vampiric Draining        Necr           0%         2d6       98%         3
 Volatile Blastmotes      Fire/Tloc      0%         2d10      98%         3
 Airstrike                Air            0%         2d(0-16)  100%        4
 Anguish                  Hex/Necr       0%         N/A       100%        4
 Cause Fear               Hex            0%         N/A       100%        4
 Dispel Undead            Necr           0%         3d6       100%        4
 Flame Wave               Conj/Fire      0%         2d4       100%        4
 Fulminant Prism          Conj/Hex       0%         3d5       100%        4
 Iskenderun's Mystic Bla  Conj/Tloc      0%         2d3       100%        4
 Leda's Liquefaction      Hex/Erth       0%         N/A       100%        4
 Manifold Assault         Tloc           0%         N/A       100%        4
 Passage of Golubria      Tloc           0%         N/A       100%        4
 Petrify                  Tmut/Erth      0%         N/A       100%        4
 Sticky Flame             Conj/Fire      0%         2d3       100%        4
 Alistair's Intoxication  Tmut/Pois      0%         N/A       100%        5
 Borgnjor's Vile Clutch   Necr/Erth      0%         N/A       100%        5
 Fireball                 Conj/Fire      0%         3d3       100%        5
 Freezing Cloud           Conj/Ice/Air   0%         6-21      100%        5
 Irradiate                Conj/Tmut      0%         3d11      100%        5
 Iskenderun's Battlesphe  Conj           0%         2d6       100%        5
 Lee's Rapid Deconstruct  Erth           0%         3d4*      100%        5
 Silence                  Hex/Air        0%         N/A       100%        5
 Yara's Violent Unravell  Hex/Tmut       0%         3d3       100%        5
 Conjure Ball Lightning   Conj/Air       0%         3x3d6     100%        6
 Dispersal                Tloc           0%         N/A       100%        6
 Eringya's Noxious Bog    Tmut/Pois      0%         N/A       100%        6
 Iron Shot                Conj/Erth      0%         9d1       100%        6
 Plasma Beam              Fire/Air       0%         2x1d11    100%        6
 Starburst                Conj/Fire      0%         6d3       100%        6
 Enfeeble                 Hex            0%         N/A       100%        7
 Orb of Destruction       Conj           0%         9d5       100%        7
 Ozocubu's Refrigeration  Ice            0%         4d7       100%        7
 Disjunction              Tloc           0%         N/A       100%        8
 Lehudib's Crystal Spear  Conj/Erth      0%         10d2      100%        8
 Chain Lightning          Conj/Air       0%         N/A       100%        9
 Fire Storm               Conj/Fire      0%         5d1       100%        9
 Polar Vortex             Ice            0%         N/A       100%        9
 Shatter                  Erth           0%         3d5*      100%        9
 Summon Small Mammal      Summ           Unusable   N/A       N/A         1
 Call Canine Familiar     Summ           Unusable   N/A       N/A         3
 Summon Guardian Golem    Hex/Summ       Unusable   N/A       N/A         3
 Tukima's Dance           Hex            Unusable   N/A       N/A         3
 Animate Armour           Summ/Erth      Unusable   N/A       N/A         4
 Summon Ice Beast         Ice/Summ       Unusable   N/A       N/A         4
 Summon Lightning Spire   Summ/Air       Unusable   N/A       N/A         4
 Blade Hands              Tmut           Unusable   N/A       N/A         5
 Summon Mana Viper        Hex/Summ       Unusable   N/A       N/A         5
 Simulacrum               Ice/Necr       Unusable   N/A       N/A         6
 Statue Form              Tmut/Erth      Unusable   N/A       N/A         6
 Dragon Form              Tmut           Unusable   N/A       N/A         7
 Monstrous Menagerie      Summ           Unusable   N/A       N/A         7
 Spellforged Servitor     Conj/Summ      Unusable   N/A       N/A         7
 Infestation              Necr           Unusable   N/A       N/A         8

Dungeon Overview and Level Annotations

Branches:
Dungeon (15/15)            Temple (1/1) D:7            Lair (5/5) D:9
  Swamp (4/4) Lair:3       Spider (4/4) Lair:2        Slime (5/5) Lair:5
    Orc (2/2) D:11            Elf (3/3) Orc:2        Vaults (5/5) D:13
  Crypt (3/3) Vaults:3       Tomb (3/3) Crypt:3      Depths (4/4) D:15
   Hell (visited)             Dis (7/7) Hell            Geh (7/7) Hell
    Coc (7/7) Hell            Tar (7/7) Hell            Zot (5/5) Depths:4
Ossuary (visited)          Bailey (visited)           IceCv (visited)
Gauntlet (visited)

Altars:
Ashenzari
Cheibriados
Dithmenos
Fedhas
Gozag
Hepliaklqana
Kikubaaqudgha
Makhleb
Nemelex Xobeh
Okawaru
Qazlal
Ru
Sif Muna
Trog
Uskayaw
Vehumet
Wu Jian
Xom
Yredelemnul
Jiyva
Lugonu

Shops:
Orc:1 (   Orc:2 ([![   Elf:3 [((?[   Vaults:1 *   Vaults:3 [   Vaults:4 [(
Depths:4 *

Portals:
Hell: Depths:1 Depths:2 Depths:3 Depths:4
Abyss: Swamp:4 Zot:1 Depths:3
Pandemonium: Depths:1 Depths:2
Trove: Depths:3 (give horn of Geryon)

Annotations:
D:5 2 transporters, turdburglar's ghost, novice DsMo
D:11 3 runed translucent doors, BaconRulez's ghost, journeyman DsFi
Temple 2 transporters
Lair:4 3 runed translucent doors, Stellion's ghost, journeyman DgCj; runemage's ghost, journeyman GnFi
Spider:2 1 runed translucent door, Kranky's ghost, adept MiBe
Elf:1 1 runed translucent door
Elf:2 1 runed translucent door, Roxanne
Depths:1 1 runed translucent door
Zot:1 2 transporters, Babbit's ghost, veteran MiFi


Innate Abilities, Weirdness & Mutations

You are immune to poison.
You have sharp fingernails.
Your flesh is cold resistant. (rC+)
You are immune to negative energy. (rN+++)
You do not regenerate when monsters are visible.
You are immune to unholy pain and torment.
You thrive by killing the living.


Message History

You see here a +0 vampiric scythe.
Aiming: Dig
Press: ? - help, Shift-Dir - straight line This square is covered in magical glow.
The rock shatters into small pieces.
You block the Orb Guardian's attack.
Unknown command.
The Orb Guardian attacks as you move away!
You block the Orb Guardian's attack. You block the Orb Guardian's attack.
The Orb Guardian attacks as you move away!
The Orb Guardian closely misses you.
The Orb Guardian hits you but does no damage.
You miss the Orb Guardian.
Unknown command.
You slice the Orb Guardian!!
The Orb Guardian is moderately wounded.
You block the Orb Guardian's attack.
You slice the Orb Guardian!!
The Orb Guardian is heavily wounded.
You block the Orb Guardian's attack.
Unknown command.
You slice the Orb Guardian!!
The Orb Guardian is almost dead.
You slice the Orb Guardian!!
You kill the Orb Guardian!
Okawaru accepts your kill.
You feel better.
An Orb Guardian comes into view.
Unknown command.
You open the Orb Guardian like a pillowcase!!!
The Orb Guardian is heavily wounded.
The Orb Guardian completely misses you.
You slice the Orb Guardian like a ripe choko!!!
The Orb Guardian is almost dead.
You slice the Orb Guardian!!
You kill the Orb Guardian!
Okawaru accepts your kill.
There is a staircase leading out of the dungeon here.
You have escaped!

#####....÷.###.........#...†.#.#
#.....#...###......#.###.#.#
#....#.......#(....#.#...#.#
#####...#.........#....#.#...#.##
........#.........#....#.#.#.(...
.######.#..........#...#...#.#...
.#...#.#...........#...#####.#...
.#.#.#.#......#....#...# #...#.#.
.#.#.#.#......#.@..#...# #.###.#.
.#.#.#.#.......#..#....# #.#.....
.#....)#.....#....#....# #.#.....
.#.#...#......#..#.....###.#####.
...#...#.......##...............#
##.#...#...)...........##########
#.#.>..#..............# #
#.#.[..#..............# #
#.##..................# #


There were no monsters in sight!

Vanquished Creatures
  Cerebov (Pan)
  Antaeus (Coc:7)
  Asmodeus (Geh:7)
  Dissolution (Slime:5)
  Ereshkigal (Tar:7)
  the Serpent of Hell (Dis:7)
  Gloorx Vloq (Pan)
  the Royal Jelly (Slime:5)
  Lom Lobon (Pan)
  Mnoleg (Pan)
  Tiamat (Zot:2)
  6 dread liches
  Dispater (Dis:7)
  Khufu (Tomb:1)
  Mennas (Tomb:1)
  4 pandemonium lords
  8 orbs of fire
  6 ancient liches
  4 juggernauts
  25 royal mummies
  22 shard shrikes
  4 Killer Klowns (Zot:5)
  Bai Suzhen (Spider:4)
  Saint Roka (Vaults:5)
  35 caustic shrikes
  Nikola (Elf:1)
  Geryon (Hell)
  7 profane servitors
  11 golden dragons
  37 bone dragons
  A pearl dragon (Pan)
  3 electric golems
  10 Brimstone Fiends
  8 hellephants
  4 iron giants
  Jorgrun (Elf:2)
  21 Tzitzimimeh
  Zenata (Crypt:1)
  14 doom hounds
  15 tentacled monstrosities
  Mlioglotl (Spider:2)
  12 Hell Sentinels
  18 Ice Fiends
  29 Orb Guardians
  A walking crystal tome (Depths:3)
  18 tainted leviathans
  2 deep elf blademasters (Elf:3)
  15 liches
  16 titans
  2 walking divine tomes (Depths:3)
  5 quicksilver dragons
  9 searing wretches
  Murray (Depths:1)
  2 walking frostbound tomes (Depths:3)
  9 acid blobs
  8 death cobs
  14 tentacled starspawn
  3 deep elf master archers
  Kirke (D:15)
  35 ancient champions
  Agnes (D:14)
  21 Executioners
  5 tengu reavers
  12 shadow dragons
  4 demonspawn warmongers (Pan)
  14 sphinxes
  16 storm dragons
  9 azure jellies
  A nagaraja (Depths:1)
  Donald (Crypt:1)
  7 draconian knights
  A fenstrider witch (Swamp:3)
  13 fire giants
  5 rockslimes
  9 revenants
  14 frost giants
  6 draconian monks
  3 emperor scorpions
  8 quicksilver elementals
  9 narguns
  12 iron dragons
  13 vault wardens
  7 daevas
  5 draconian scorchers
  34 balrugs
  3 ghost moths
  A juggernaut zombie (Abyss:2)
  A spectral caustic shrike (Tar:4)
  2 spectral juggernauts
  9 deep elf sorcerers
  6 draconian stormcallers
  12 ghouls
  10 shard shrike simulacra
  16 cacodemons
  6 curse skulls
  8 draconian shifters
  A demonspawn corrupter (Zig:4)
  5 deep elf elementalists (Elf:3)
  4 demonspawn blood saints
  6 draconian annihilators
  4 angels (Pan)
  22 reapers
  A broodmother (Spider:2)
  A caustic shrike skeleton (Pan)
  17 ironbound preservers
  37 war gargoyles
  7 quicksilver oozes
  32 very ugly things
  2 orc warlords
  7 vampire knights
  20 stone giants
  14 elemental wellsprings
  6 apis (Pan)
  10 black draconians
  5 ironbound thunderhulks
  15 wendigos
  2 eleionomae (Swamp:4)
  7 green draconians
  9 deep elf annihilators
  6 demonspawn black suns (Pan)
  18 red draconians
  8 bennus
  5 deep elf demonologists
  22 putrid mouths
  4 bunyips
  7 yellow draconians
  11 purple draconians
  8 dire elephants
  4 spark wasps
  16 lorocyprocas
  A minotaur (Gauntlet)
  13 white draconians
  Snorg (Lair:5)
  26 blizzard demons
  14 deep elf death magi
  24 eidola
  A crystal guardian (Abyss:2)
  15 iron golems
  15 green deaths
  9 ettins
  A merfolk javelineer (Depths:2)
  4 entropy weavers
  Josephine (D:12)
  30 mummy priests
  3 fire dragons
  A shambling mangrove (Swamp:4)
  12 jiangshi
  3 spectral spriggans
  5 deep elf high priests
  14 yaktaur captains
  A fenstrider witch zombie (Crypt:1)
  11 great orbs of eyes
  Harold (D:10)
  8 ice dragons
  12 caustic shrike simulacra
  10 rakshasas
  2 quicksilver dragon skeletons
  3 ghost crabs
  7 salamander tyrants (Geh:7)
  3 ironbound frosthearts
  8 spriggan skeletons
  3 hell beasts
  20 hydras
  4 juggernaut simulacra
  4 radroaches
  6 spriggan air magi
  27 vault guards
  2 ogre magi
  9 boulder beetles
  9 centaur warriors
  45 death scarabs
  12 alligators
  9 death yaks
  4 catoblepae
  39 dancing weapons
  A spectral stone giant (Tar:2)
  A tengu warrior (Depths:2)
  12 deep troll shamans
  5 two-headed ogres
  11 vampire magi
  8 deep troll earth magi
  4 stokers
  A titan zombie (Crypt:3)
  21 hell hogs
  A spectral dire elephant (Tar:2)
  6 death knights
  7 orc high priests
  53 sun demons
  7 spriggan berserkers
  15 soul eaters
  9 crystal echidnas
  14 deep elf knights
  12 thrashing horrors
  2 fire crabs
  24 hell knights
  4 pharaoh ants
  A storm dragon zombie (Tomb:3)
  4 titan skeletons
  12 wretched stars
  24 skeletal warriors
  17 sixfirhies
  2 skysharks
  5 goliath frogs
  A death drake (shapeshifter) (Vaults:5)
  A sun moth (Spider:1)
  16 iron trolls
  3 flayed ghosts
  25 shadow wraiths
  3 cherubim
  5 quicksilver dragon simulacra
  56 deep trolls
  2 orb spiders
  A spatial maelstrom (Abyss:2)
  15 swamp dragons
  An anaconda zombie (Crypt:3)
  5 shadow demons (Pan)
  5 spriggan druids
  An orb spider (shapeshifter) (Vaults:5)
  22 ironbound convokers
  An obsidian statue (Zot:5)
  5 glowing orange brains
  12 wizards
  An iron giant skeleton (Crypt:2)
  5 bog bodies
  35 deep elf pyromancers
  5 steelbarb worms
  5 spriggan simulacra
  An orange crystal statue (Depths:1)
  23 necromancers
  18 deep elf archers
  46 deep elf zephyrmancers
  9 lindwurms
  10 orc knights
  A mana viper (Abyss:2)
  8 phantasmal warriors
  A spectral ettin (Tar:3)
  9 wolf spiders
  A shadow dragon skeleton (Abyss:2)
  54 ugly things
  An eleionoma zombie (Crypt:3)
  6 manticores
  13 orc sorcerers
  A salamander (Depths:3)
  2 stone giant zombies
  3 will-o-the-wisps
  4 worldbinders
  2 iron dragon zombies
  A jorogumo skeleton (Crypt:3)
  13 elephants
  17 moths of wrath
  3 shining eyes
  A spectral alligator snapping turtle (Tar:3)
  A stone giant skeleton (Tomb:2)
  2 dire elephant zombies (Crypt:1)
  3 titan simulacra
  A black mamba (shapeshifter) (Abyss:3)
  7 cyclopes
  4 eyes of devastation
  A guardian serpent (Abyss:2)
  15 vault sentinels
  54 smoke demons
  12 cane toads
  20 demonic crawlers
  2 apocalypse crabs (Abyss:2)
  4 black mambas
  16 orange demons
  4 rust devils
  An alligator snapping turtle zombie (Crypt:3)
  A guardian serpent (shapeshifter) (Vaults:5)
  10 ice statues
  3 torpor snails
  14 molten gargoyles
  A spectral centaur (Tar:1)
  An unseen horror (Abyss:2)
  An eye of devastation (shapeshifter) (Vaults:2)
  A gargoyle (D:12)
  An orc skeleton (Crypt:1)
  3 komodo dragons
  A cane toad (shapeshifter) (Elf:1)
  21 yaktaurs
  33 hellions
  A catoblepas zombie (Abyss:2)
  4 rime drakes
  A centaur skeleton (Crypt:1)
  10 efreet
  17 freezing wraiths
  A komodo dragon (shapeshifter) (Vaults:5)
  An unseen horror (shapeshifter) (Elf:3)
  29 tormentors
  An alligator snapping turtle skeleton (Pan)
  5 anaconda simulacra
  10 ancient zymes
  A green draconian zombie (Crypt:1)
  2 bunyip simulacra
  2 kobold demonologists
  12 ice devils
  A spectral harpy (Tar:3)
  7 tengu conjurers
  5 spectral nagas
  8 red devils
  2 burning bushes (Lair:3)
  3 golden dragon simulacra
  8 trolls
  5 meliai (Spider:4)
  46 guardian mummies
  A sea snake skeleton (Crypt:3)
  A bloated husk (Swamp:1)
  2 harpy zombies
  36 hellwings
  A queen bee (D:9)
  A merfolk (shapeshifter) (Zig:5)
  18 hornets
  13 polar bears
  2 shadow dragon simulacra
  17 tarantellas
  8 tyrant leeches
  13 wind drakes (Pan)
  A hydra skeleton (Pan)
  A fire dragon zombie (Crypt:1)
  4 harpy skeletons
  An iron dragon simulacrum (Coc:5)
  A satyr zombie (Crypt:1)
  4 dream sheep (Lair:5)
  13 blink frogs
  19 raiju
  12 jumping spiders
  A stone giant simulacrum (Coc:1)
  An ice dragon skeleton (Abyss:2)
  3 shadows
  107 slime creatures
  A vampire (Abyss:3)
  31 small abominations
  8 culicivoras
  A centaur simulacrum (Coc:2)
  39 flying skulls
  A spriggan (shapeshifter) (D:14)
  48 starcursed masses
  7 air elementals
  3 wyverns
  A black mamba zombie (Tomb:1)
  11 water elementals
  18 wraiths
  7 dire elephant simulacra
  14 spriggans
  23 ushabtiu
  4 hogs (D:15)
  7 fire bats
  64 yaks
  16 ynoxinuls
  4 fire elementals
  2 golden eyes (Abyss:2)
  A golden eye (shapeshifter) (Elf:1)
  A black mamba skeleton (Pan)
  2 yaks (shapeshifter)
  26 neqoxecs
  Grum (D:8)
  5 basilisks
  20 chaos spawn
  65 redbacks
  Menkaure (D:5)
  A steam dragon (shapeshifter) (Abyss:2)
  13 vampire mosquitoes
  6 wargs
  A deep troll zombie (Hell)
  21 harpy simulacra
  2 hydra simulacra
  4 spatial vortices (Abyss:2)
  13 swamp worms
  An acid dragon (D:12)
  2 naga zombies
  10 water moccasins
  A skyshark zombie (Crypt:3)
  A swamp worm (shapeshifter) (Depths:3)
  A demonspawn skeleton (Tomb:2)
  A hell hound (Gauntlet)
  A deep troll skeleton (Abyss:2)
  62 orc warriors
  3 floating eyes
  12 swamp drakes
  A two-headed ogre skeleton (Hell)
  A black bear (shapeshifter) (Vaults:5)
  2 sky beasts
  3 ettin simulacra
  2 swamp dragon zombies
  2 black bears
  An elephant zombie (Crypt:2)
  13 ogres
  A blink frog zombie (Crypt:2)
  A fire dragon simulacrum (Coc:1)
  48 large abominations
  31 wolves
  8 centaurs
  2 phantoms (D:4)
  A vine stalker zombie (Crypt:2)
  6 necrophages
  5 bullfrogs
  6 earth elementals
  13 scorpions
  2 gnoll sergeants
  4 naga simulacra
  A water moccasin zombie (Ossuary)
  11 wights
  A water moccasin skeleton (Crypt:1)
  33 killer bees
  3 electric eels (D:9)
  6 howler monkeys
  A shapeshifter skeleton (Crypt:1)
  2 crimson imps
  3 centaur zombies
  4 quasits
  A basilisk zombie (Crypt:2)
  2 bullfrog zombies (Ossuary)
  2 iron imps (Abyss:2)
  6 jellies
  5 hounds
  31 orc priests
  27 orc wizards
  A gnoll bouda (D:9)
  An iguana (D:6)
  4 scorpion zombies (Ossuary)
  4 hell rats (Lair:3)
  A deep dwarf zombie (Crypt:2)
  An ogre zombie (Ossuary)
  A tengu zombie (Crypt:1)
  An acid dragon skeleton (Crypt:3)
  An ogre skeleton (Crypt:2)
  61 mummies
  16 gnolls
  13 adders
  A shadow imp (D:7)
  A steam dragon skeleton (Crypt:1)
  6 white imps
  3 ufetubi
  3 adder zombies (Ossuary)
  A worm zombie (Crypt:2)
  An iguana skeleton (Crypt:3)
  A lava snake skeleton (Crypt:3)
  4 worms
  2 dart slugs
  89 orcs
  9 ball pythons
  10 bats
  3 endoplasms
  2 giant cockroaches (Lair:2)
  2 gnoll zombies (Ossuary)
  12 goblins
  10 hobgoblins
  17 kobolds
  A quokka (D:3)
  5 frilled lizards
  5 goblin zombies (Ossuary)
  2 hobgoblin zombies (Ossuary)
  A kobold zombie (Crypt:3)
  An orc zombie (Ossuary)
  A quokka skeleton (Crypt:3)
  5 rats
  A spectral orc (D:5)
  4 ball lightnings (Pan)
  13 butterflies (Vaults:3)
  2 creeping infernos (Geh:7)
  19 fire vortices
  2 lurking horrors (Abyss:2)
  14 starspawn tentacles
4266 creatures vanquished.

Vanquished Creatures (others)
  A Brimstone Fiend (Zig:10)
  A titan (Pan)
  A demonspawn warmonger (Zig:10)
  A draconian knight (Zot:4)
  2 draconian scorchers
  A draconian shifter (Zot:4)
  A demonspawn blood saint (Zig:10)
  A draconian annihilator (Pan)
  A war gargoyle (Dis:7)
  An elemental wellspring (Coc:7)
  A deep elf annihilator (Pan)
  A black draconian (Zot:4)
  A bunyip (Swamp:4)
  2 wendigos (Coc:4)
  A green death (Pan)
  An ice dragon (D:15)
  3 juggernaut simulacra
  4 caustic shrike simulacra
  A spriggan air mage (Pan)
  4 deep elf knights
  A wretched star (Abyss:3)
  A quicksilver dragon simulacrum (Coc:4)
  2 spriggan simulacra (Coc:4)
  2 deep elf pyromancers (Elf:1)
  A deep elf zephyrmancer (Elf:2)
  2 titan simulacra
  A smoke demon (Pan)
  An efreet (Abyss:2)
  A hellion (Zig:10)
  A freezing wraith (Coc:4)
  2 anaconda simulacra (Coc:5)
  A tormentor (Geh:1)
  A tengu conjurer (D:15)
  3 hellwings
  3 wind drakes (Pan)
  A large abomination (Abyss:2)
  A naga simulacrum (Coc:4)
  A dire elephant simulacrum (Coc:4)
  An alligator snapping turtle simulacrum (Coc:2)
  3 harpy simulacra
  A hydra simulacrum (Coc:4)
  An ice beast (shapeshifter) (Vaults:5)
  An ettin simulacrum (Coc:1)
  An orc warrior (Zig:7)
  An ufetubus (Abyss:3)
  15 ball lightnings
  2 creeping infernos
  8 foxfires
  3 lurking horrors
  23 starspawn tentacles
116 creatures vanquished.

Grand Total: 4382 creatures vanquished

Notes
Turn   | Place    | Note
-------+----------+-------------------------------------------
     0 | D:1      | scisormetimb3rs the Ghoul Fighter began the quest for the
                  | Orb.
     0 | D:1      | Reached XP level 1. HP: 19/19 MP: 0/0
    88 | D:1      | Found a faded altar of an unknown god.
   121 | D:1      | Reached XP level 2. HP: 25/26 MP: 1/1
   575 | D:1      | Reached XP level 3. HP: 33/33 MP: 2/2
  1311 | D:2      | Reached XP level 4. HP: 36/40 MP: 3/3
  1758 | D:3      | Found a shadowy altar of Dithmenos.
  1857 | D:3      | Found a snail-covered altar of Cheibriados.
  2250 | D:4      | Noticed a scorpion
  2260 | D:4      | Killed a scorpion
  2261 | D:4      | Reached XP level 5. HP: 43/47 MP: 4/4
  2299 | D:4      | Noticed a phantom
  2313 | D:4      | Killed a phantom
  2314 | D:4      | Reached XP level 6. HP: 51/55 MP: 5/5
  2362 | D:4      | Reached skill level 5 in Fighting
  2497 | D:4      | Found an opulent altar of Gozag.
  2885 | D:4      | Reached XP level 7. HP: 61/61 MP: 6/6
  3095 | D:5      | Entered Level 5 of the Dungeon
  3131 | D:5      | Reached XP level 8. HP: 15/71 MP: 7/7
  3343 | D:5      | Reached skill level 5 in Axes
  3498 | D:5      | Found a transporter.
  3505 | D:5      | Found a shimmering blue altar of Sif Muna.
  3750 | D:5      | Noticed turdburglar's ghost (novice DsMo)
  3751 | D:5      | Identified the +0 dire flail "Killer Bee's Bane" {heavy,
                  | MP+9}
  3756 | D:5      | Found a transporter.
  4555 | D:5      | Noticed Menkaure
  4566 | D:5      | Killed Menkaure
  4628 | D:5      | Found a basalt altar of Yredelemnul.
  5025 | D:6      | Found a sand-covered staircase.
  5034 | Ossuary  | Entered an ossuary
  5130 | Ossuary  | Reached XP level 9. HP: 80/80 MP: 8/8
  5152 | Ossuary  | Reached skill level 5 in Shields
  5222 | Ossuary  | Reached skill level 5 in Armour
  5372 | Ossuary  | Noticed a silent spectre
  5508 | D:6      | HP: 1/81 [orc warrior/+0 morningstar (6)]
  6427 | D:7      | Found a flagged portal.
  6434 | Bailey   | Entered a bailey
  6894 | Bailey   | Noticed an orc knight
  6894 | Bailey   | Noticed an orc knight
  6938 | D:7      | Found an ancient bone altar of Kikubaaqudgha.
  7054 | D:7      | Reached XP level 10. HP: 91/91 MP: 9/9
  7073 | D:7      | Found a staircase to the Ecumenical Temple.
  7091 | Temple   | Entered the Ecumenical Temple
  7091 | Temple   | Found a transporter.
  7091 | Temple   | Found a transporter.
  7093 | Temple   | Found a transporter.
  7093 | Temple   | Found a transporter.
  7109 | Temple   | Became a worshipper of Warmaster Okawaru
  7534 | D:7      | Reached skill level 1 in Invocations
  8155 | D:8      | Found a broken altar of Ashenzari.
  8155 | D:8      | Noticed a cyclops
  8195 | D:8      | Killed a cyclops
  8277 | D:8      | Reached * piety under Okawaru
  8328 | D:8      | Noticed Grum
  8329 | D:8      | Reached skill level 10 in Fighting
  8335 | D:8      | Killed Grum
  8351 | D:8      | HP: 1/93 [wolf[Grum] (5)]
  8641 | D:8      | Noticed a two-headed ogre
  8652 | D:8      | Killed a two-headed ogre
  9304 | D:8      | Reached ** piety under Okawaru
  9425 | D:8      | Reached XP level 11. HP: 74/101 MP: 12/12
 10013 | D:9      | Reached *** piety under Okawaru
 10281 | D:9      | Found a sparkling altar of Nemelex Xobeh.
 10462 | D:9      | Found a staircase to the Lair.
 10588 | Lair:1   | Entered Level 1 of the Lair of Beasts
 11095 | Lair:1   | Reached **** piety under Okawaru
 11783 | Lair:2   | Found a hole to the Spider Nest.
 11783 | Lair:2   | You fall into a shaft and drop 1 floor!
 11783 | Lair:3   | Noticed a skyshark
 11792 | Lair:3   | Killed a skyshark
 11958 | Lair:4   | Reached skill level 5 in Invocations
 12207 | Lair:4   | Received a gift from Okawaru
 12208 | Lair:4   | Reached skill level 10 in Axes
 12208 | Lair:4   | Reached XP level 12. HP: 77/112 MP: 11/14
 12401 | Lair:4   | Identified the +3 hand axe of the Equinox {freeze, Str+3
                  | SInv}
 12455 | Lair:4   | Found a frozen archway.
 12474 | IceCv    | Entered an ice cave
 12647 | IceCv    | Reached ***** piety under Okawaru
 13358 | IceCv    | Noticed a death yak
 13361 | IceCv    | Noticed a death yak
 13376 | IceCv    | Killed a death yak
 13387 | IceCv    | Killed a death yak
 13581 | IceCv    | Reached XP level 13. HP: 95/122 MP: 11/17
 13607 | IceCv    | Noticed a frost giant
 13745 | IceCv    | Killed a frost giant
 14663 | Lair:4   | Found a runed translucent gate.
 14664 | Lair:4   | Found a runed translucent gate.
 14665 | Lair:4   | Found a runed translucent gate.
 14666 | Lair:4   | Noticed Stellion's ghost (journeyman DgCj)
 14667 | Lair:4   | Noticed runemage's ghost (journeyman GnFi)
 15329 | Lair:2   | Reached ****** piety under Okawaru
 15335 | Lair:2   | Identified the +1 pair of boots "Zaxzae" {-Tele rF+ Regen+
                  | Str+9} (Okawaru gifted it to you on level 2 of the Lair of
                  | Beasts)
 15335 | Lair:2   | Received a gift from Okawaru
 16585 | Lair:3   | Identified a scroll of acquirement
 16586 | Lair:3   | Acquired the +10 broad axe "Ituf" {speed, Dex+5}
 16656 | Lair:3   | Found a burning altar of Makhleb.
 16664 | Lair:3   | Found a staircase to the Swamp.
 17054 | Lair:5   | Entered Level 5 of the Lair of Beasts
 17054 | Lair:5   | Noticed Snorg
 17322 | Lair:5   | Killed Snorg
 17348 | Lair:5   | Found a gate leading to a gauntlet.
 17358 | Gauntlet | Entered a Gauntlet
 17358 | Gauntlet | Found a transporter.
 17389 | Gauntlet | Found a transporter.
 17389 | Gauntlet | Found a transporter.
 17390 | Gauntlet | Found a transporter.
 17402 | Gauntlet | Found the +7 mace of Variability {chaos, chaos arc}
 17407 | Gauntlet | Found a transporter.
 17407 | Gauntlet | Found a transporter.
 17412 | Gauntlet | Reached XP level 14. HP: 133/133 MP: 19/19
 17420 | Gauntlet | Found a transporter.
 17426 | Gauntlet | Found a transporter.
 17428 | Gauntlet | Found a transporter.
 17428 | Gauntlet | Found a transporter.
 17430 | Gauntlet | Noticed a balrug
 17449 | Gauntlet | Found a transporter.
 17449 | Gauntlet | Found a transporter.
 17449 | Gauntlet | Found a transporter.
 17455 | Gauntlet | Killed a balrug
 17467 | Gauntlet | Found a transporter.
 17500 | Gauntlet | Identified the +5 scale mail "Ninnuges" {Int+6}
 17509 | Gauntlet | Identified the +1 pair of gloves of Death Resistance {rElec
                  | rN+ Dex+2} (Okawaru gifted it to you in a Gauntlet)
 17509 | Gauntlet | Received a gift from Okawaru
 17618 | Lair:5   | Found a staircase to the Slime Pits.
 17636 | Lair:5   | Reached skill level 15 in Fighting
 18033 | Lair:5   | Noticed a dire elephant
 18062 | Lair:5   | Killed a dire elephant
 18086 | Lair:5   | Found the +3 salamander hide armour {Flames, rFlCloud rF++
                  | rC--}
 18550 | D:10     | Entered Level 10 of the Dungeon
 18781 | D:10     | Noticed Harold
 18817 | D:10     | Killed Harold
 19475 | D:11     | Received a gift from Okawaru
 19790 | D:11     | Found a staircase to the Orcish Mines.
 19974 | D:11     | Found a runed translucent gate.
 19974 | D:11     | Found a runed translucent gate.
 19975 | D:11     | Found a runed translucent gate.
 19976 | D:11     | Noticed BaconRulez's ghost (journeyman DsFi)
 19978 | D:11     | Noticed a fire giant
 20532 | Orc:1    | Entered Level 1 of the Orcish Mines
 20567 | Orc:2    | Entered Level 2 of the Orcish Mines
 21023 | Orc:2    | Found a staircase to the Elven Halls.
 21339 | Orc:2    | Reached XP level 15. HP: 125/143 MP: 12/21
 21345 | Orc:2    | Reached skill level 10 in Shields
 21731 | Orc:2    | Found Fufelof's Antique Weapon Boutique.
 21731 | Orc:2    | Found Ecsaruel's Armour Emporium.
 21739 | Orc:2    | Identified the +4 war axe of Bloody Death {vamp, Int+5}
                  | (Okawaru gifted it to you on level 2 of the Orcish Mines)
 21739 | Orc:2    | Received a gift from Okawaru
 21740 | Orc:2    | Found Icvoseod's Armour Emporium.
 21740 | Orc:2    | Found Yxzocs Viamn's Distillery.
 21761 | Orc:2    | Bought the +1 cloak of Starlight {*Dazzle EV+4 Stlth--} for
                  | 396 gold pieces
 21761 | Orc:2    | Found the +1 cloak of Starlight {*Dazzle EV+4 Stlth--}
 21775 | Orc:2    | Bought a potion of might for 44 gold pieces
 21775 | Orc:2    | Bought a potion of curing for 33 gold pieces
 21775 | Orc:2    | Bought a potion of might for 44 gold pieces
 21775 | Orc:2    | Bought a potion of heal wounds for 55 gold pieces
 21775 | Orc:2    | Bought a potion of curing for 33 gold pieces
 22093 | Orc:1    | Found Lesi's Weapon Shop.
 22102 | Orc:1    | Reached skill level 10 in Armour
 22185 | Orc:1    | Found a burning altar of Makhleb.
 22631 | D:12     | Noticed Josephine
 22640 | D:12     | Killed Josephine
 23055 | D:12     | Found the +2 ratskin cloak {*Rats rPois rN+ Str-1 Int-1
                  | Dex+1}
 23642 | D:13     | Noticed an orc warlord
 23656 | D:13     | Killed an orc warlord
 23789 | D:13     | Found a gate to the Vaults.
 24119 | D:13     | Reached skill level 10 in Invocations
 24198 | D:13     | Identified the +3 robe of the Falcon {Fly rPois Regen+
                  | Int-5} (Okawaru gifted it to you on level 13 of the
                  | Dungeon)
 24198 | D:13     | Received a gift from Okawaru
 24566 | D:14     | Noticed Agnes
 24583 | D:14     | You fall into a shaft and drop 1 floor!
 24583 | D:15     | Entered Level 15 of the Dungeon
 25008 | D:15     | Noticed Kirke
 25017 | D:15     | Noticed a sphinx
 25028 | D:15     | Killed Kirke
 25037 | D:15     | Reached XP level 16. HP: 145/155 MP: 22/22
 25351 | D:15     | Found a staircase to the Depths.
 25911 | D:14     | Killed Agnes
 26241 | D:13     | Received a gift from Okawaru
 27267 | Spider:1 | Entered Level 1 of the Spider Nest
 28595 | Spider:1 | Received a gift from Okawaru
 29003 | Spider:1 | Reached skill level 15 in Axes
 29443 | Spider:2 | Noticed Mlioglotl
 29459 | Spider:2 | Killed Mlioglotl
 29577 | Spider:2 | Found a runed translucent door.
 29578 | Spider:2 | Found a shimmering altar of Xom.
 29578 | Spider:2 | Noticed Kranky's ghost (adept MiBe)
 29578 | Spider:2 | Identified the +4 quick blade of Sharkskin {chaos, Fly rC-
                  | Will+ Int+2}
 29611 | Spider:2 | Received a gift from Okawaru
 29696 | Spider:2 | Found the +8 Vampire's Tooth {megavamp}
 30231 | Spider:3 | Identified the +3 scimitar of Karma {drain, Int+2}
 30531 | Spider:3 | Reached XP level 17. HP: 163/163 MP: 24/24
 30928 | Spider:4 | Entered Level 4 of the Spider Nest
 31358 | Spider:4 | Identified the +4 broad axe of Gravity {freeze, Will+
                  | Dex+2} (Okawaru gifted it to you on level 4 of the Spider
                  | Nest)
 31358 | Spider:4 | Received a gift from Okawaru
 31359 | Spider:4 | Noticed Bai Suzhen
 31379 | Spider:4 | Killed Bai Suzhen
 31679 | Spider:4 | HP: 6/166 [boulder beetle (6)]
 32329 | Spider:4 | Got Kikubaaqudgha's Elucidation of Iniquitous Magic
 32407 | Spider:4 | Identified the scarf "Qonazor" {repulsion, Str+8} (Okawaru
                  | gifted it to you on level 4 of the Spider Nest)
 32407 | Spider:4 | Received a gift from Okawaru
 32635 | Spider:4 | Got a gossamer rune of Zot
 32636 | Spider:4 | Identified the +0 hat "Qegum" {rN+ Str-3 Stlth+}
 32952 | Swamp:1  | Entered Level 1 of the Swamp
 35021 | Swamp:3  | Identified the +5 leather armour "Ymammugu" {-Cast Will-
                  | Dex+9}
 35028 | Swamp:3  | Received a gift from Okawaru
 35169 | Swamp:3  | Reached XP level 18. HP: 157/176 MP: 24/26
 35952 | Swamp:3  | Noticed a tentacled monstrosity
 35974 | Swamp:3  | Killed a tentacled monstrosity
 36149 | Swamp:4  | Entered Level 4 of the Swamp
 36540 | Swamp:4  | Received a gift from Okawaru
 37241 | Swamp:4  | Got a decaying rune of Zot
 37413 | Swamp:4  | Identified the +1 dagger of the Moon {freeze, Fly rElec
                  | Stlth+}
 37877 | Swamp:4  | Found a corrupted altar of Lugonu.
 37879 | Swamp:4  | Found a one-way gate to the infinite horrors of the Abyss.
 38372 | Vaults:1 | Entered Level 1 of the Vaults
 39003 | Vaults:1 | Identified the +10 crystal plate armour "Tanesys" {Slay+2}
                  | (Okawaru gifted it to you on level 1 of the Vaults)
 39003 | Vaults:1 | Received a gift from Okawaru
 39365 | Vaults:1 | Reached XP level 19. HP: 185/185 MP: 27/27
 39648 | Vaults:1 | Found a huge runed gate.
 39648 | Vaults:1 | Found a huge runed gate.
 39648 | Vaults:1 | Found a huge runed gate.
 39649 | Vaults:1 | Found a huge runed gate.
 39649 | Vaults:1 | Found a huge runed gate.
 39649 | Vaults:1 | Found a huge runed gate.
 39649 | Vaults:1 | Found a huge runed gate.
 39652 | Vaults:1 | Found a huge runed gate.
 39652 | Vaults:1 | Found a huge runed gate.
 39652 | Vaults:1 | Found a huge runed gate.
 39653 | Vaults:1 | Found a huge runed gate.
 39661 | Vaults:1 | Found a huge runed gate.
 39662 | Vaults:1 | Found a huge runed gate.
 39670 | Vaults:1 | Noticed a hellephant
 39670 | Vaults:1 | Noticed a hellephant
 39693 | Vaults:1 | Found Xaggial's General Store.
 40632 | Vaults:2 | Identified the +4 battleaxe "Ozaffir" {heavy, rC- Str+3
                  | Dex+2} (Okawaru gifted it to you on level 2 of the Vaults)
 40632 | Vaults:2 | Received a gift from Okawaru
 41393 | Vaults:2 | Received a gift from Okawaru
 42897 | Abyss:2  | Cast into level 2 of the Abyss (a wizard)
 42952 | Abyss:2  | Found a corrupted altar of Lugonu.
 43158 | Abyss:2  | Received a gift from Okawaru
 43375 | Abyss:2  | Found a corrupted altar of Lugonu.
 43386 | Abyss:2  | Found a corrupted altar of Lugonu.
 43386 | Abyss:2  | Found a corrupted altar of Lugonu.
 43419 | Vaults:1 | Escaped the Abyss
 43447 | Vaults:1 | Bought a scroll of blinking for 127 gold pieces
 43447 | Vaults:1 | Bought a scroll of blinking for 127 gold pieces
 43464 | Vaults:1 | Reached XP level 20. HP: 198/198 MP: 29/29
 44126 | Vaults:1 | Killed a hellephant
 44134 | Vaults:1 | Killed a hellephant
 44512 | Vaults:1 | Identified the amulet of Bihiabov {Acrobat rF+}
 45097 | Vaults:3 | Found a staircase to the Crypt.
 45417 | Vaults:3 | Found a huge runed gate.
 45417 | Vaults:3 | Found a huge runed gate.
 45417 | Vaults:3 | Found a huge runed gate.
 45417 | Vaults:3 | Found a huge runed gate.
 45417 | Vaults:3 | Found a huge runed gate.
 45418 | Vaults:3 | Found a huge runed gate.
 45418 | Vaults:3 | Found a huge runed gate.
 45418 | Vaults:3 | Found a huge runed gate.
 45418 | Vaults:3 | Found a huge runed gate.
 45421 | Vaults:3 | Found a huge runed gate.
 45421 | Vaults:3 | Found a huge runed gate.
 45421 | Vaults:3 | Found a huge runed gate.
 45421 | Vaults:3 | Found a huge runed gate.
 45421 | Vaults:3 | Found a huge runed gate.
 45421 | Vaults:3 | Found a huge runed gate.
 45422 | Vaults:3 | Found a huge runed gate.
 45423 | Vaults:3 | Found a huge runed gate.
 45424 | Vaults:3 | Found a huge runed gate.
 45442 | Vaults:3 | Found a huge runed gate.
 45442 | Vaults:3 | Found a huge runed gate.
 45442 | Vaults:3 | Found a huge runed gate.
 45442 | Vaults:3 | Found a huge runed gate.
 45442 | Vaults:3 | Found a huge runed gate.
 45442 | Vaults:3 | Found a huge runed gate.
 45442 | Vaults:3 | Found a huge runed gate.
 45443 | Vaults:3 | Found a huge runed gate.
 45444 | Vaults:3 | Found a huge runed gate.
 45622 | Vaults:3 | Identified the staff of death "Nihooc" {rElec rN+ Will+}
 45677 | Vaults:3 | Found Zorphoell's Armour Emporium.
 46007 | Vaults:3 | Identified the +2 mace "Faqoco" {drain, rElec rC+ rN+}
 46474 | Vaults:4 | Received a gift from Okawaru
 46535 | Vaults:4 | Found Huyfill's Weapon Emporium.
 46699 | Vaults:4 | Identified the +2 pair of boots of Fedhas's Delight {-Tele
                  | rN+ Will+}
 47084 | Vaults:4 | Found Ugojoix's Armour Boutique.
 47524 | Depths:1 | Entered Level 1 of the Depths
 47635 | D:15     | Reached XP level 21. HP: 62/207 MP: 31/31
 48602 | D:15     | Reached skill level 15 in Invocations
 48945 | Depths:1 | Identified the +2 pair of gloves of Okawaru's Wrath {rElec
                  | Str+5} (Okawaru gifted it to you on level 1 of the Depths)
 48945 | Depths:1 | Received a gift from Okawaru
 49216 | Depths:1 | Found a gateway to Hell.
 49302 | Depths:1 | Found a one-way gate leading to the halls of Pandemonium.
 50270 | Depths:1 | Found a runed translucent door.
 50271 | Depths:1 | Noticed an ancient lich
 50273 | Depths:1 | Found a radiant altar of Vehumet.
 50767 | Depths:2 | Found a one-way gateway to a ziggurat.
 50767 | Depths:2 | Noticed a golden dragon
 50788 | Depths:1 | Killed a golden dragon
 51871 | Depths:2 | Received a gift from Okawaru
 52945 | Depths:2 | Reached XP level 22. HP: 158/217 MP: 32/32
 54521 | Depths:3 | Found a portal to a secret trove of treasure.
 55164 | Depths:3 | Noticed a juggernaut
 55179 | Depths:3 | Killed a juggernaut
 55416 | Depths:3 | Identified the +3 battleaxe of Annihilation {drain, Stlth+}
 55418 | Depths:3 | Got the Codex of Unholy Mustering
 55421 | Depths:3 | Identified the staff of fire "Fiacatzi" {rF+ Str-4 Int+6
                  | Dex+3}
 55593 | Depths:4 | Entered Level 4 of the Depths
 55623 | Depths:4 | Reached skill level 15 in Shields
 56374 | Depths:4 | Identified the +0 helmet of Fumuf {Drain Str+3 Stlth+}
                  | (Okawaru gifted it to you on level 4 of the Depths)
 56374 | Depths:4 | Received a gift from Okawaru
 56419 | Depths:4 | Found Rigeryhesu's Fire Supplies.
 56448 | Depths:4 | Noticed a golden dragon
 56461 | Depths:4 | Noticed a golden dragon
 56466 | Depths:4 | Killed a golden dragon
 56483 | Depths:4 | Killed a golden dragon
 56830 | Depths:4 | Found a gate to the Realm of Zot.
 58466 | Elf:1    | Entered Level 1 of the Elven Halls
 58466 | Elf:1    | Found a runed translucent gate.
 58466 | Elf:1    | Found a runed translucent gate.
 58466 | Elf:1    | Found a runed translucent gate.
 58466 | Elf:1    | Found a runed translucent gate.
 58466 | Elf:1    | Found a runed translucent gate.
 58466 | Elf:1    | Found a runed translucent gate.
 58467 | Elf:1    | Found a runed translucent door.
 58513 | Elf:1    | Found a runed translucent door.
 58721 | Elf:1    | Reached skill level 15 in Armour
 58734 | Elf:1    | Reached XP level 23. HP: 228/228 MP: 34/34
 58797 | Elf:1    | Received a gift from Okawaru
 58797 | Elf:1    | Found the +2 shield of Resistance {rF++ rC++ Will++}
 59604 | Elf:2    | Noticed Jorgrun
 59620 | Elf:2    | Killed Jorgrun
 59634 | Elf:2    | Noticed Nikola
 59642 | Elf:2    | Paralysed by an air elemental for 1 turns
 59645 | Elf:2    | Paralysed by an air elemental for 1 turns
 59649 | Elf:2    | Paralysed by an air elemental for 1 turns
 59654 | Elf:2    | Paralysed by an air elemental for 1 turns
 59656 | Elf:2    | Paralysed by an air elemental for 1 turns
 59764 | Elf:1    | Killed Nikola
 60114 | Elf:2    | Found a runed translucent door.
 60145 | Elf:2    | Found a runed translucent door.
 60305 | Elf:2    | Noticed Roxanne
 61202 | Elf:3    | Entered Level 3 of the Elven Halls
 61204 | Elf:3    | Identified the +7 spear of the Haunted God {heavy, Will+}
 61260 | Elf:3    | Found Bagaluum's Antique Armour Shoppe.
 61260 | Elf:3    | Found Koxuenwo's Antique Weapon Emporium.
 61261 | Elf:3    | Found Umofoc's Magic Scroll Shoppe.
 61265 | Elf:3    | Found Gyqeud's Weapon Emporium.
 61305 | Elf:3    | Bought a scroll of teleportation for 42 gold pieces
 61305 | Elf:3    | Bought a scroll of teleportation for 42 gold pieces
 61305 | Elf:3    | Bought a scroll of teleportation for 42 gold pieces
 61305 | Elf:3    | Bought 3 scrolls of enchant weapon for 315 gold pieces
 61305 | Elf:3    | Bought a scroll of brand weapon for 133 gold pieces
 61305 | Elf:3    | Bought a scroll of fog for 56 gold pieces
 61436 | Elf:3    | Paralysed by an air elemental for 1 turns
 61458 | Elf:3    | Identified the +0 leather armour of Courage {Rampage Will+}
 61779 | Elf:3    | Found Tuj Ziss's Antique Armour Boutique.
 61984 | Elf:3    | Identified the ring of the Middle {EV+5 Dex+3}
 62107 | Elf:3    | Found the +8 longbow "Zephyr" {speed, Dex+3 SInv}
 62110 | Elf:3    | Identified the ring "Niuseyp" {rC- EV+5 Dex+5 Stlth+}
 62130 | Elf:3    | Identified the ring of Linearity {rPois rCorr Int-2 Slay+3
                  | SInv}
 62136 | Elf:3    | Got Lehudib's Secrets of Bolts and Geology
 62320 | Elf:3    | Identified the ring of Galirph {+Blink rC+ Str+2}
 62460 | Elf:3    | Reached XP level 24. HP: 240/240 MP: 34/34
 62600 | Elf:3    | Received a gift from Okawaru
 62967 | Vaults:5 | Entered Level 5 of the Vaults
 62969 | Vaults:5 | Noticed an ancient lich
 63035 | Vaults:5 | Noticed a dread lich
 63042 | Vaults:5 | Killed an ancient lich
 63051 | Vaults:5 | Killed a dread lich
 63051 | Vaults:5 | Noticed an ancient lich
 63063 | Vaults:5 | Killed an ancient lich
 63119 | Vaults:5 | Received a gift from Okawaru
 63440 | Vaults:5 | Identified the +3 scale mail "Uvaokage" {+Inv Slay+5}
 63452 | Vaults:5 | Noticed Saint Roka
 63484 | Vaults:5 | Killed Saint Roka
 63574 | Vaults:5 | Identified the ring "Tiakk" {rN+ Str+3 Stlth+}
 63690 | Vaults:5 | Identified the scarf "Nyrrakku" {rC+ rF+, rN+ Int+3 Stlth+}
                  | (Okawaru gifted it to you on level 5 of the Vaults)
 63690 | Vaults:5 | Received a gift from Okawaru
 63731 | Vaults:5 | Identified the +10 war axe of the Scavenger {freeze, SInv}
 63899 | Vaults:5 | Identified the +0 trident "Ynipiqeo" {heavy, rF+ rC+ Str-4
                  | Dex+5}
 64084 | Vaults:5 | Identified the amulet "Pimap" {RegenMP Int-4 Dex+5 Slay+2
                  | Stlth-}
 64107 | Vaults:5 | Reached XP level 25. HP: 230/250 MP: 34/34
 64146 | Vaults:5 | Acquired the amulet "Diewes" {Reflect Rampage Regen+ Slay+2
                  | SH+5}
 64422 | Vaults:5 | Got a silver rune of Zot
 64835 | Zig:1    | Entered Level 1 of a ziggurat
 64855 | Zig:1    | Acquired 1152 gold pieces
 64861 | Zig:2    | Entered Level 2 of a ziggurat
 64864 | Zig:2    | Noticed a shard shrike
 64874 | Zig:2    | Killed a shard shrike
 64887 | Zig:3    | Entered Level 3 of a ziggurat
 64930 | Zig:4    | Entered Level 4 of a ziggurat
 64933 | Zig:4    | Noticed Jeacw the pandemonium lord
 64952 | Zig:4    | Killed Jeacw the pandemonium lord
 64959 | Zig:4    | Identified the +3 dire flail "Qibbab" {flame, Fly rF++
                  | Str-5}
 65016 | Zig:5    | Entered Level 5 of a ziggurat
 65044 | Zig:5    | Identified the ring "Ozaongaf" {rF+ Str+2 Int+6 Dex+4}
 65049 | Zig:5    | Identified the -2 pair of gloves of the Blue Moon {-Tele
                  | Int+4}
 65063 | Zig:6    | Entered Level 6 of a ziggurat
 65108 | Zig:6    | Reached XP level 26. HP: 218/259 MP: 34/34
 65110 | Zig:7    | Entered Level 7 of a ziggurat
 65187 | Zig:8    | Entered Level 8 of a ziggurat
 65229 | Zig:8    | Identified the +8 mace of Giac {flame, Will+ rCorr Str-4}
 65243 | Zig:8    | Identified the ring of Recklessness {rElec Dex+6}
 65247 | Zig:8    | Identified the staff of death "Wujuishy" {Drain rN+ Int+4
                  | Dex+5}
 65252 | Zig:9    | Entered Level 9 of a ziggurat
 65295 | Zig:9    | Found the +8 trishula "Condemnation" {holy, anguish, *Noise
                  | Fly rN+}
 65315 | Zig:9    | Identified the staff of earth "Teonus" {rElec Int+3 Dex+3}
 65317 | Zig:9    | Got Sif Muna's Disquisition on the Jinx
 65318 | Zig:9    | Identified the +6 trident "Uckiunk" {holy, rF- rCorr Dex+5
                  | Stlth+}
 65338 | Zig:10   | Entered Level 10 of a ziggurat
 65347 | Zig:10   | Noticed Rieth the pandemonium lord
 65356 | Zig:10   | Identified the +1 leather armour of Courage {rPois Regen+
                  | Dex+3}
 65576 | Depths:3 | Voluntarily entered the Abyss.
 65633 | Abyss:2  | Found a corrupted altar of Lugonu.
 65639 | Abyss:2  | Found a corrupted altar of Lugonu.
 65657 | Abyss:2  | Found a corrupted altar of Lugonu.
 65697 | Abyss:2  | Found a corrupted altar of Lugonu.
 65704 | Abyss:2  | Lost intelligence.
 65717 | Abyss:2  | Received a gift from Okawaru
 65813 | Abyss:2  | Found a corrupted altar of Lugonu.
 65869 | Abyss:2  | Found a corrupted altar of Lugonu.
 66679 | Abyss:2  | Identified the +1 robe of Space {-Tele Harm rC- Str+7}
                  | (Okawaru gifted it to you on level 2 of the Abyss)
 66679 | Abyss:2  | Received a gift from Okawaru
 66749 | Abyss:2  | Noticed an ancient lich
 66756 | Abyss:2  | Killed an ancient lich
 67085 | Abyss:3  | Reached XP level 27. HP: 247/269 MP: 35/35
 67648 | Abyss:3  | Paralysed by accursed screaming for 1 turns
 67685 | Abyss:3  | Got an abyssal rune of Zot
 67695 | Depths:3 | Escaped the Abyss
 67762 | Zot:1    | Entered Level 1 of the Realm of Zot
 67849 | Zot:1    | Identified the +3 ring mail of Taqimob {rC+++ rN+ rCorr
                  | Int-4} (Okawaru gifted it to you on level 1 of the Realm of
                  | Zot)
 67849 | Zot:1    | Received a gift from Okawaru
 68024 | Zot:1    | Noticed Babbit's ghost (veteran MiFi)
 68032 | Zot:1    | Found a transporter.
 68072 | Zot:1    | Found a transporter.
 68494 | Zot:2    | Found the +4 dragonskin cloak
 68494 | Zot:2    | Noticed Tiamat
 68541 | Zot:2    | Killed Tiamat
 70183 | Zot:3    | You are sucked into a shaft and drop 1 floor!
 70396 | Zot:3    | Reached skill level 27 in Fighting
 71982 | Zot:4    | Noticed a dread lich
 71993 | Zot:4    | Killed a dread lich
 72011 | Zot:4    | Identified the +5 broad axe of Earthquakes {heavy, rN+
                  | Dex+2} (Okawaru gifted it to you on level 4 of the Realm of
                  | Zot)
 72011 | Zot:4    | Received a gift from Okawaru
 72293 | Zot:5    | Entered Level 5 of the Realm of Zot
 72593 | Zot:5    | Noticed an orb of fire
 72597 | Zot:5    | Noticed an orb of fire
 72599 | Zot:5    | Noticed an ancient lich
 72606 | Zot:5    | Killed an orb of fire
 72615 | Zot:5    | Killed an ancient lich
 72615 | Zot:5    | Noticed an orb of fire
 72621 | Zot:5    | Killed an orb of fire
 72635 | Zot:5    | Killed an orb of fire
 72770 | Zot:5    | Noticed an orb of fire
 72772 | Zot:5    | Noticed an orb of fire
 72777 | Zot:5    | Noticed an orb of fire
 72788 | Zot:5    | Killed an orb of fire
 72789 | Zot:5    | Noticed an orb of fire
 72807 | Zot:4    | Killed an orb of fire
 73023 | Zot:4    | Killed an orb of fire
 73032 | Zot:4    | Killed an orb of fire
 73032 | Zot:4    | Identified the +2 robe of the Valley of Death {Drain Str+6}
                  | (Okawaru gifted it to you on level 4 of the Realm of Zot)
 73032 | Zot:4    | Received a gift from Okawaru
 73098 | Zot:5    | Noticed an orb of fire
 73119 | Zot:5    | Killed an orb of fire
 73138 | Zot:5    | Noticed a dread lich
 73149 | Zot:5    | Killed a dread lich
 74569 | Slime:1  | Entered Level 1 of the Pits of Slime
 74666 | Slime:3  | Reached skill level 1 in Evocations
 74715 | Slime:5  | Entered Level 5 of the Pits of Slime
 74715 | Slime:5  | Noticed Dissolution
 74728 | Slime:5  | Killed Dissolution
 75132 | Slime:5  | Noticed the Royal Jelly
 75138 | Slime:5  | Found a viscous altar of Jiyva.
 75174 | Slime:5  | Killed the Royal Jelly
 75213 | Slime:5  | Identified the staff of death "Maroamnu" {rC+ rN+ SInv}
 75216 | Slime:5  | Identified the amulet of Pantheism {Spirit rPois rN+ MP+9
                  | Str-2}
 75307 | Slime:5  | Got a slimy rune of Zot
 75308 | Slime:5  | Identified the +1 short sword "Qouschyri" {pain, rF+ Str+2}
 75314 | Slime:5  | Identified the +3 hand axe "Z" {flame, rN+}
 75315 | Slime:5  | Identified the +6 falchion of Turmoil {freeze, rC+ Int+4}
 75694 | Pan      | Entered Pandemonium
 75745 | Pan      | Received a gift from Okawaru
 76396 | Pan      | Identified the staff of death "Esiturac" {rPois rF+ rN+}
 76458 | Pan      | Noticed Ceziegut the pandemonium lord
 76622 | Pan      | Killed Ceziegut the pandemonium lord
 76623 | Pan      | Reached skill level 27 in Axes
 76633 | Pan      | Got a demonic rune of Zot
 77559 | Pan      | Identified the +0 plate armour "Taik" {Will+} (Okawaru
                  | gifted it to you in Pandemonium)
 77559 | Pan      | Received a gift from Okawaru
 77603 | Pan      | Reached skill level 5 in Evocations
 77718 | Pan      | Noticed Gipaocy the pandemonium lord
 77729 | Pan      | Killed Gipaocy the pandemonium lord
 77858 | Pan      | Entered the realm of Gloorx Vloq.
 78678 | Pan      | Noticed Gloorx Vloq
 78704 | Pan      | Killed Gloorx Vloq
 78782 | Pan      | Got a dark rune of Zot
 78856 | Pan      | Entered the realm of Lom Lobon.
 78856 | Pan      | Noticed Lom Lobon
 79099 | Pan      | Received a gift from Okawaru
 79628 | Pan      | Acquired the +0 helmet of Instinct {rC+ Int+2 Dex+4}
 80344 | Pan      | Killed Lom Lobon
 80357 | Pan      | Got a magical rune of Zot
 80550 | Pan      | Entered the realm of Cerebov.
 81270 | Pan      | Found the +6 sword of Cerebov {flame}
 81270 | Pan      | Noticed Cerebov
 81286 | Pan      | Identified the +3 ring mail of Dramatic Exits {rElec Int+2}
                  | (Okawaru gifted it to you in Pandemonium)
 81286 | Pan      | Received a gift from Okawaru
 81313 | Pan      | Identified the staff of poison "Icsecabi" {rElec rPois
                  | Str+3}
 81320 | Pan      | Identified the +5 sling of Cowardice {heavy, rN+ Str+3}
 81429 | Pan      | Identified the staff of fire "Rypsah" {rElec rF+ Dex+7}
 81752 | Pan      | Killed Cerebov
 81940 | Pan      | Got a fiery rune of Zot
 82087 | Pan      | Noticed Tajarch the pandemonium lord
 82099 | Pan      | Killed Tajarch the pandemonium lord
 82322 | Pan      | Found an ancient bone altar of Kikubaaqudgha.
 82513 | Pan      | Found an exit through the horrors of the Abyss.
 83037 | Pan      | Entered the realm of Mnoleg.
 83106 | Pan      | Found an exit through the horrors of the Abyss.
 83129 | Pan      | Identified the +6 mace of Fedhas's Reproof {elec, Fragile
                  | +Blink rCorr Str+9}
 83301 | Pan      | Paralysed by you for 2 turns
 83407 | Pan      | Reached skill level 1 in Dodging
 83487 | Pan      | Noticed Mnoleg
 83521 | Pan      | Killed Mnoleg
 83538 | Pan      | Got a glowing rune of Zot
 83611 | Pan      | Took an exit into the Abyss.
 83611 | Abyss:3  | Escaped into the Abyss
 83620 | Abyss:3  | Found a corrupted altar of Lugonu.
 83651 | Depths:1 | Escaped the Abyss
 83935 | Crypt:1  | Entered Level 1 of the Crypt
 84302 | Crypt:1  | Noticed Zenata
 84320 | Crypt:1  | Killed Zenata
 84320 | Crypt:1  | Identified the +0 hand axe "Zesmeesko" {heavy, *Slow rN++
                  | rCorr} (Okawaru gifted it to you on level 1 of the Crypt)
 84320 | Crypt:1  | Received a gift from Okawaru
 84457 | Crypt:1  | Noticed Donald
 84463 | Crypt:1  | Killed Donald
 84874 | Crypt:2  | Reached skill level 10 in Evocations
 85417 | Crypt:3  | Entered Level 3 of the Crypt
 85427 | Crypt:3  | Identified the +7 battleaxe of Zuinwoyr {venom, Dex+3}
                  | (Okawaru gifted it to you on level 3 of the Crypt)
 85427 | Crypt:3  | Received a gift from Okawaru
 85858 | Crypt:3  | Found a staircase to the Tomb.
 86291 | Crypt:3  | Reached skill level 5 in Dodging
 86311 | Crypt:3  | Found a basalt altar of Yredelemnul.
 86311 | Crypt:3  | Found an ancient bone altar of Kikubaaqudgha.
 86402 | Crypt:3  | Identified the +2 dire flail "Zafoler" {freeze, Will- rCorr
                  | SInv}
 86561 | Crypt:3  | Identified the +3 scale mail of Ripieso {Drain Str+4 Dex+4}
                  | (Okawaru gifted it to you on level 3 of the Crypt)
 86561 | Crypt:3  | Received a gift from Okawaru
 86598 | Tomb:1   | Entered Level 1 of the Tomb of the Ancients
 86858 | Tomb:1   | Identified the +1 whip "Ditoff" {drain, Str+4}
 86898 | Tomb:1   | Noticed Khufu
 86901 | Tomb:1   | Noticed a royal mummy
 86914 | Tomb:1   | Killed Khufu
 86923 | Tomb:1   | Killed a royal mummy
 87204 | Tomb:1   | Noticed Mennas
 87224 | Tomb:1   | Killed Mennas
 87454 | Tomb:2   | Noticed a royal mummy
 87462 | Tomb:2   | Noticed a royal mummy
 87470 | Tomb:2   | Noticed a royal mummy
 87472 | Tomb:2   | Killed a royal mummy
 87484 | Tomb:2   | Noticed a royal mummy
 87486 | Tomb:2   | Killed a royal mummy
 87499 | Tomb:2   | Killed a royal mummy
 87502 | Tomb:2   | Killed a royal mummy
 87818 | Tomb:1   | Noticed a royal mummy
 87818 | Tomb:1   | Noticed a royal mummy
 87818 | Tomb:1   | Noticed a royal mummy
 87818 | Tomb:1   | Noticed a royal mummy
 87822 | Tomb:1   | Noticed a royal mummy
 87823 | Tomb:1   | Noticed a royal mummy
 87823 | Tomb:1   | Noticed a royal mummy
 87823 | Tomb:1   | Noticed a royal mummy
 87833 | Tomb:1   | Killed a royal mummy
 87842 | Tomb:1   | Killed a royal mummy
 87849 | Tomb:1   | Killed a royal mummy
 87857 | Tomb:1   | Killed a royal mummy
 87860 | Tomb:1   | Killed a royal mummy
 87863 | Tomb:1   | Noticed a royal mummy
 87871 | Tomb:1   | Killed a royal mummy
 87875 | Tomb:1   | Killed a royal mummy
 87880 | Tomb:1   | Killed a royal mummy
 87890 | Tomb:1   | Killed a royal mummy
 87986 | Tomb:1   | Noticed a royal mummy
 88011 | Tomb:1   | Killed a royal mummy
 88035 | Tomb:1   | Noticed a royal mummy
 88046 | Tomb:1   | Killed a royal mummy
 88083 | Tomb:1   | Identified the +8 chain mail of Dust Devil {Str+6} (Okawaru
                  | gifted it to you on level 1 of the Tomb of the Ancients)
 88083 | Tomb:1   | Received a gift from Okawaru
 88379 | Tomb:3   | Entered Level 3 of the Tomb of the Ancients
 88403 | Tomb:3   | Noticed a royal mummy
 88403 | Tomb:3   | Noticed a royal mummy
 88424 | Tomb:3   | Noticed a royal mummy
 88433 | Tomb:3   | Killed a royal mummy
 88439 | Tomb:3   | Noticed a royal mummy
 88448 | Tomb:3   | Killed a royal mummy
 88455 | Tomb:3   | Noticed a royal mummy
 88458 | Tomb:3   | Noticed a royal mummy
 88492 | Tomb:3   | Killed a royal mummy
 88505 | Tomb:3   | Noticed a royal mummy
 88524 | Tomb:3   | Noticed a royal mummy
 88535 | Tomb:3   | Killed a royal mummy
 88537 | Tomb:3   | Noticed a royal mummy
 88554 | Tomb:3   | Killed a royal mummy
 88774 | Tomb:3   | Identified the ring "Kaco" {rElec SInv}
 88815 | Tomb:3   | Identified the +8 broad axe of Annihilation {flame, Fragile
                  | rElec rC- Str+10}
 88843 | Tomb:3   | Killed a royal mummy
 88927 | Tomb:3   | Identified the +3 sling "Uckuso" {flame, MP+9}
 88963 | Tomb:3   | Killed a royal mummy
 88987 | Tomb:3   | Killed a royal mummy
 89119 | Tomb:3   | Killed a royal mummy
 89347 | Tomb:3   | Got a golden rune of Zot
 89411 | Tomb:3   | Identified the staff of death "Safimeir" {rN+ Str+4 Stlth+}
 89413 | Tomb:3   | Identified the +4 battleaxe of Higymiot {chaos, rF+ Int-3
                  | Stlth+}
 90125 | Hell     | Entered the Vestibule of Hell
 90125 | Hell     | Noticed Geryon
 90192 | Hell     | Noticed Murray
 90222 | Depths:1 | Killed Murray
 90803 | Depths:1 | Received a gift from Okawaru
 91036 | Hell     | Killed Geryon
 91064 | Hell     | Found a gateway to the decaying netherworld of Tartarus.
 91126 | Hell     | Found a gateway to the ashen valley of Gehenna.
 91250 | Hell     | Found a gateway to the freezing wastes of Cocytus.
 91289 | Hell     | Found a gateway to the Iron City of Dis.
 91524 | Coc:1    | Entered Level 1 of Cocytus
 91610 | Coc:2    | Paralysed by a wendigo for 1 turns
 91810 | Coc:4    | Reached skill level 27 in Shields
 91837 | Coc:4    | Paralysed by a wendigo for 1 turns
 91856 | Coc:4    | Identified the +0 cloak of Kiakh {Contam rCorr Int+3}
                  | (Okawaru gifted it to you on level 4 of Cocytus)
 91856 | Coc:4    | Received a gift from Okawaru
 91977 | Coc:4    | You are sucked into a shaft and drop 2 floors!
 92162 | Coc:6    | Reached skill level 10 in Dodging
 92192 | Coc:7    | Entered Level 7 of Cocytus
 92566 | Coc:4    | Paralysed by a wendigo for 1 turns
 92601 | Coc:5    | Noticed an ancient lich
 92626 | Coc:5    | Killed an ancient lich
 93158 | Coc:7    | Identified the +5 kite shield "Bymuytz" {rCorr Str+3}
                  | (Okawaru gifted it to you on level 7 of Cocytus)
 93158 | Coc:7    | Received a gift from Okawaru
 93230 | Coc:7    | Noticed Antaeus
 93278 | Coc:7    | Killed Antaeus
 93370 | Coc:7    | Got an icy rune of Zot
 93377 | Coc:7    | Identified the +1 battleaxe of Fate {flame, Int+2}
 93378 | Coc:7    | Identified the ring "Okixilash" {rF+ MP+9 Str+3 Int+2}
 93382 | Coc:7    | Identified the +1 leather armour "Rabb" {+Inv rPois rN++
                  | SInv}
 93546 | Tar:1    | Entered Level 1 of Tartarus
 93961 | Tar:3    | Reached skill level 15 in Evocations
 93973 | Tar:3    | Identified the +0 robe "Disuish" {+Blink rF++ Str-2}
                  | (Okawaru gifted it to you on level 3 of Tartarus)
 93973 | Tar:3    | Received a gift from Okawaru
 94417 | Tar:7    | Entered Level 7 of Tartarus
 94920 | Tar:7    | Identified the +1 pair of boots of the Pit {rElec rF+}
                  | (Okawaru gifted it to you on level 7 of Tartarus)
 94920 | Tar:7    | Received a gift from Okawaru
 94990 | Tar:7    | Found the +8 lance "Wyrmbane" {slay drac, rPois rF+ rC+
                  | AC+3}
 95586 | Tar:7    | Found the +5 Lochaber axe {reach-cleave, Poleaxe Drain}
 95587 | Tar:7    | Noticed a dread lich
 95588 | Tar:7    | Noticed an ancient lich
 95590 | Tar:7    | Found the +3 greatsling "Punk" {acid, rCorr}
 95601 | Tar:7    | Killed a dread lich
 95617 | Tar:7    | Killed an ancient lich
 95961 | Tar:7    | Identified the +0 ring mail of the Imp {Contam Dex+7
                  | Stlth+} (Okawaru gifted it to you on level 7 of Tartarus)
 95961 | Tar:7    | Received a gift from Okawaru
 96085 | Tar:7    | Noticed Ereshkigal
 96133 | Tar:7    | Killed Ereshkigal
 96152 | Tar:7    | Identified the staff of fire "Bemn" {rPois rF+ rCorr Str+3
                  | Int-5}
 96185 | Tar:7    | Noticed a dread lich
 96194 | Tar:7    | Killed a dread lich
 96236 | Tar:7    | Got a bone rune of Zot
 96349 | Dis:1    | Entered Level 1 of the Iron City of Dis
 96689 | Dis:2    | Reached skill level 27 in Invocations
 96879 | Dis:4    | You are sucked into a shaft and drop 1 floor!
 96918 | Dis:5    | Received a gift from Okawaru
 97056 | Dis:5    | Reached skill level 15 in Dodging
 97121 | Dis:6    | Noticed a dread lich
 97133 | Dis:6    | Identified the +0 chain mail of Okawaru's Hatred {rN++
                  | Str-4 Int+5} (Okawaru gifted it to you on level 6 of the
                  | Iron City of Dis)
 97133 | Dis:6    | Received a gift from Okawaru
 97136 | Dis:6    | Killed a dread lich
 97175 | Dis:7    | Entered Level 7 of the Iron City of Dis
 97249 | Dis:7    | Identified the +2 long sword "Killer Klown's Peril" {chaos,
                  | Will+ Int+4}
 97889 | Dis:7    | Noticed a juggernaut
 97910 | Dis:7    | Received a gift from Okawaru
 97915 | Dis:7    | Killed a juggernaut
 97953 | Dis:7    | Paralysed by a Zot trap for 5 turns
 98152 | Dis:7    | Found the +9 sword of Power {lifebolt}
 98351 | Dis:7    | Noticed a juggernaut
 98383 | Dis:7    | Killed a juggernaut
 98400 | Dis:7    | Noticed the Serpent of Hell
 98408 | Dis:7    | Noticed a juggernaut
 98430 | Dis:7    | Killed the Serpent of Hell
 98431 | Dis:7    | Killed a juggernaut
 98752 | Dis:7    | Noticed Dispater
 98802 | Dis:7    | Killed Dispater
 98802 | Dis:7    | Identified the +0 pair of gloves "Jizxet" {rF+ Int+3}
                  | (Okawaru gifted it to you on level 7 of the Iron City of
                  | Dis)
 98802 | Dis:7    | Received a gift from Okawaru
 98888 | Dis:7    | Got an iron rune of Zot
 98893 | Dis:7    | Identified the +2 ring mail of the Ego {Int+4 Dex+2 Slay-5}
 99037 | Geh:1    | Entered Level 1 of Gehenna
 99192 | Geh:2    | You are sucked into a shaft and drop 1 floor!
 99481 | Geh:7    | Entered Level 7 of Gehenna
100535 | Geh:7    | Identified the ring of the Raven {Ice rElec Str+5 Int-5}
100642 | Geh:7    | Found the +13 sceptre of Asmodeus
100642 | Geh:7    | Noticed Asmodeus
100684 | Geh:7    | Killed Asmodeus
100690 | Geh:7    | Got an obsidian rune of Zot
101041 | Zot:5    | Got the Orb of Zot
101123 | Zot:4    | Noticed Ochodash the pandemonium lord
101364 | D:13     | Noticed Ibiofona the pandemonium lord
101488 | D:10     | Noticed Idofam the pandemonium lord
101509 | D:9      | Noticed a seraph
101795 | D:$      | Escaped with the Orb!

Illustrated notes

Levels and vault maps discovered:
D:1:      dpeg_arrival_solitude, layout_basic, shapermc_ecumenical_altar_ellora,
          hangedman_decor_push
D:2:      layout_basic
D:3:      layout_basic, lemuel_doored_altar, nicolae_dithmenos_the_darkroom
D:4:      old_forge, layout_rooms, mainiacjoe_overflow_alcove_2
D:5:      layout_cave_pools, lemuel_tele_altar,
          yredelemnul_forgotten_temple_becter, gammafunk_ghost_smash,
          uniq_menkaure
D:6:      layout_loops_ring, nicolae_ossuary_entry_monument,
          minmay_stone_trees_small
D:7:      layout_loops_ring, mainiacjoe_overflow_paths,
          kiku_gazebo_garden_becter, temple_pool_b, enter_bailey_3
D:8:      layout_loops_ring, mainiacjoe_overflow_alcove_4, uniq_grum
D:9:      layout_cave_pools, nemelex_spade_bored_becter, erik_lair_island,
          special_room [special_room_bee]
D:10:     layout_irregular_city, fungi_pond_lemuel,
          hangedman_decor_clover_reticule, uniq_harold
D:11:     layout_layer_cave, orc_david_3, gammafunk_ghost_split
D:12:     layout_stronghold, uniq_josephine
D:13:     orc_temple, layout_cave_pods, david_vaults_5
D:14:     minmay_cut_squares, layout_small_grid, minmay_misc_feat_four_crosses,
          uniq_agnes
D:15:     grunt_enter_depths_hoard, layout_cave_pools, hangedman_decor_riveting,
          uniq_kirke
Temple:   hellmonk_temple_divided_pantheon
Lair:1:   layout_gridlike
Lair:2:   layout_long_grid, nicolae_spider_entry_non_spiders,
          nzn_sisyphean_effort
Lair:3:   layout_loops_ring, swamp_mist_pool, basic_altar, evilmike_ambush
          [evilmike_ambush_outer_corners, evilmike_ambush_inner_cross],
          grunt_megastairs_4
Lair:4:   layout_cave_pods, portal_ice_cave_rime, gammafunk_ghost_cemetery,
          chequers_serial_rivers_small_a, minmay_holes,
          nicolae_lair_grove_arrangements
Lair:5:   grunt_lair_end_beastmaster, layout_loops_ring,
          minmay_slime_entry_pillars, serial_bayou, serial_bayou_ford_a,
          serial_bayou_pond_d, serial_bayou_pond_e, serial_bayou_pond_a,
          gauntlet_entry_generic, uniq_snorg
Swamp:1:  layout_basic_swamp, serial_swamp_ruin, evilmike_swamp_ruin_house_3,
          evilmike_swamp_ruin_house_2, nicolae_swamp_alligator_family
Swamp:2:  layout_basic_swamp, hangedman_swamp_ruin_wall, swamp_pool5
Swamp:3:  cheibrodos_swamp_monstrosity, layout_falls_marsh,
          evilmike_swamp_ruin_rubble_2, hangedman_swamp_dais
Swamp:4:  swamp, layout_basic_swamp, amcnicky_altar_lugonu_corruption
Spider:1: layout_chambers
Spider:2: nicolae_spider_mines_1, ebering_ghost_xom, uniq_mlioglotl
Spider:3: mumra_spider_spiderweb
Spider:4: hellmonk_spider_rune_bug_friends, drop_trap, uniq_bai_suzhen
Slime:1:  layout_caves
Slime:2:  layout_caves, cheibrodos_slime_lost_civilization_7
Slime:3:  layout_caves
Slime:4:  layout_caves, basic_altar
Slime:5:  uniq_dissolution
Orc:1:    layout_diamond_mine, serial_shops, nicolae_shop_bloodbath_and_beyond,
          bloody_makhleb
Orc:2:    grunt_orc_tribal_feast, layout_diamond_mine
Elf:1:    nicolae_elf_arrival_dilemma, layout_geoelf_octagon,
          minmay_elf_crystal_heptagon
Elf:2:    nicolae_elf_blades_splatter_lattice
          [nicolae_blade_entry_splitting_headache], layout_loops_cross,
          uniq_nikola, uniq_roxanne, uniq_jorgrun
Elf:3:    minmay_elf_hall_dome, layout_geoelf_grid, serial_shops,
          nicolae_shop_overgrown_old_shop, minmay_shoptagon
Vaults:1: ontoclasm_vaults_misaligned, not_door_vault_due, vaults_dpeg_doors,
          nicolae_vaults_trapezoid_2, nicolae_vaults_border_crossing,
          nicolae_vaults_turnstiles, ontoclasm_vaults_ligature,
          nicolae_vaults_three_branches, layout_vaults_omnigrid, serial_shops,
          nicolae_shop_tiny_waterfront
Vaults:2: vaults_room_octagon, nicolae_vaults_ellipses_ellipsis,
          hangedman_vaults_river_flow, nicolae_vaults_halls_meeting, v_misc_2,
          nicolae_vaults_wine_cellar, vaults_dpeg_diagonal, v_misc_5,
          vaults_dpeg_ring, layout_vaults_chaotic_city
Vaults:3: minmay_crypt_entry_simple_plaza, nicolae_vaults_trapezoid_4,
          grunt_vaults_focal, nicolae_vaults_shelves_hall, not_door_vault_mu,
          vaults_room_octagon, nicolae_vaults_rhombus_7,
          hangedman_vaults_stagger, nicolae_vaults_double_plus_2,
          vaults_room_corners, nicolae_vaults_little_squares_3,
          layout_vaults_omnicross, serial_shops, shop_coins
Vaults:4: nicolae_vaults_sightless_eye, vaults_room_ringed_pool,
          nicolae_vaults_more_shelving_1, hangedman_vaults_nails,
          nicolae_vaults_house_3, nicolae_vaults_closet_pinwheel_5,
          ontoclasm_vaults_misaligned, v_misc_9, serial_ice_h,
          vaults_room_stairs_pillars, ontoclasm_vaults_fault,
          nicolae_vaults_trapezoid_lopsided_4,
          nicolae_vaults_trapezoid_lopsided_1, nicolae_vaults_angled_halls,
          vaults_dpeg_encased_lava, dpeg_vaults_monster_box,
          layout_vaults_maze_snakey, serial_shops, shop
Vaults:5: uniq_saint_roka
Crypt:1:  layout_misc_corridors, uniq_zenata, uniq_donald
Crypt:2:  layout_chaotic_city, grunt_megastairs_3
Crypt:3:  lightli_unholy_cathedral, layout_chaotic_city,
          tomb_entry_forgotten_bobbens
Tomb:1:   uniq_khufu, uniq_mennas
Tomb:2
Tomb:3
Depths:1: layout_cave_pools, hangedman_coc_ice_floe, rand_demon_pan_entry_8,
          serial_rivers, chequers_serial_rivers_marsh,
          chequers_serial_rivers_small_b, chequers_serial_rivers_room_a,
          chequers_serial_rivers_large_b, hex_large, grunt_decor_one_mirror,
          minivault_15, grunt_absolute_annihilation
Depths:2: nzn_winding_woodlands_cross [nzn_winding_woodlands_5x15_concentric,
          nzn_winding_woodlands_5x15_jagged,
          nzn_winding_woodlands_5x15_lazy_stream,
          nzn_winding_woodlands_5x15_eye, nzn_winding_woodlands_15x15_killbox],
          layout_basic, enter_ziggurat_d, grunt_pan_entry_spiral,
          patterned_corridor, hell_entry, serial_sigils,
          serial_sigils_hangedman_snap, serial_sigils_hangedman_writhe,
          serial_sigils_hangedman_carve, serial_sigils_hangedman_quiver,
          abyss_entry_flame_altar, minmay_misc_feat_enclosed
Depths:3: kennysheep_large_spiral, layout_cave_pools,
          nicolae_trove_entry_diagonal, hell_entry,
          chequers_serial_rivers_micro_e, abyss_entry, serial_bayou_shore_a
Depths:4: grunt_crosshair, layout_honeycomb, tso_metal_star,
          grunt_hell_entry_dis_old, nicolae_shop_fire_sale
          [nicolae_sub_dead_trees]
Hell
Dis:1:    layout_gridville, nicolae_hells_seeping_fissure
Dis:2:    hangedman_dis_decor_blocks_talon, layout_overlapping_boxes
Dis:3:    layout_subdivisions
Dis:4:    layout_subdivisions
Dis:5:    layout_gridville, nicolae_dis_grated_feature
Dis:6:    layout_overlapping_boxes, serial_glass, glass_columns_b,
          glass_columns_a
Dis:7:    dis_grunt_layers
Geh:1:    layout_gehenna_pools_triple, lemuel_flamethrower_3
Geh:2:    layout_gehenna_pools_basic, special_room [special_room_morgue],
          nicolae_geh_single_fiery_grave
Geh:3:    layout_gehenna_lava_caves
Geh:4:    layout_gehenna_pools_triple
Geh:5:    layout_gehenna_pools_basic
Geh:6:    layout_gehenna_lava_caves
Geh:7:    geh_grunt_pentagon
Coc:1:    layout_cocytus_delve
Coc:2:    layout_cocytus_delve
Coc:3:    layout_cocytus_water_paths
Coc:4:    layout_ice_bergs
Coc:5:    layout_ice_bergs, nicolae_coc_statues_of_limitations
Coc:6:    layout_cocytus_water_paths
Coc:7:    coc_grunt
Tar:1:    layout_cathedral_of_symmetry, nicolae_tar_cuneiform_three
Tar:2:    layout_honeycomb
Tar:3:    layout_honeycomb
Tar:4:    layout_grid_maze
Tar:5:    layout_catacombs
Tar:6:    layout_grid_maze, nicolae_tar_cuneiform_oil
Tar:7:    tar_grunt_cathedral
Zot:1:    layout_gridville, gammafunk_ghost_abyssal_escape
Zot:2:    layout_onion, drop_trap, uniq_tiamat
Zot:3:    layout_misc_corridors
Zot:4:    layout_onion_interference, lemuel_lich_library
Zot:5:    layout_misc_corridors

Skill      XL: |  1  2  3  4  5  6  7  8  9 10 11 12 13 14 15 16 17 18 19 20 21 22 23 24 25 26 27 |
---------------+----------------------------------------------------------------------------------+-----
Axes           | 2 3 4 6 7 8 10 11 12 13 14 15 16 17 18 19 20 22 23 24 27 | 27.0
Armour         | 3 4 5 6 7 8 9 10 11 12 13 14 15 16 25 | 25.8
Shields        | 3 4 5 6 7 8 9 10 11 12 13 14 15 16 17 18 19 27 | 27.0
Fighting       | 4 5 6 7 9 10 12 13 14 15 17 18 19 20 21 22 23 24 25 26 27 | 27.0
Invocations    | 3 5 6 8 9 10 11 12 13 14 15 16 17 18 27 | 27.0
Evocations     | 19 | 19.9
Dodging        | 18 | 18.1

Action                     |  1- 3 |  4- 6 |  7- 9 | 10-12 | 13-15 | 16-18 | 19-21 | 22-24 | 25-27 || total
---------------------------+-------+-------+-------+-------+-------+-------+-------+-------+-------++-------
  Melee: War axe           |   111 |   101 |   453 |   760 |   214 |       |       |       |       ||  1639
         Broad axe         |       |       |       |       |   799 |  1445 |  1491 |  1545 |  7839 || 13119
         Hand axe          |       |       |       |       |    59 |       |       |       |       ||    59
 Invoke: Heroism           |       |       |       |     7 |    15 |    10 |    17 |    14 |    70 ||   133
         Finesse           |       |       |       |     1 |     4 |     2 |     1 |     3 |    25 ||    36
  Evoke: Wand              |       |       |       |     6 |     3 |       |     1 |     6 |    11 ||    27
    Use: Scroll            |       |     1 |     8 |     6 |    16 |     4 |     2 |    17 |    45 ||    99
         Potion            |       |       |     1 |     3 |     1 |     2 |     2 |     5 |    37 ||    51
   Stab: Petrified         |       |       |       |       |    22 |       |       |       |       ||    22
         Petrifying        |       |       |       |       |     3 |       |       |       |       ||     3
         Invisible         |       |       |       |       |     5 |    24 |    25 |    18 |    96 ||   168
         Distracted        |       |       |       |       |     1 |     1 |       |       |     4 ||     6
         Paralysed         |       |       |       |       |       |       |       |       |     1 ||     1
 Armour: Scale mail        |    67 |    40 |   109 |       |       |       |       |       |       ||   216
         Chain mail        |       |       |   127 |    12 |       |       |       |       |       ||   139
         Plate armour      |       |       |       |   376 |   275 |   555 |       |       |       ||  1206
         Crystal plate arm |       |       |       |       |       |    30 |   694 |   514 |  2315 ||  3553
         Gold dragon scale |       |       |       |       |       |       |       |   119 |       ||   119
  Dodge: Dodged            |    46 |    57 |   201 |   206 |   174 |   491 |   354 |   407 |  2666 ||  4602
  Block: Buckler           |    26 |    32 |   288 |   355 |       |       |       |       |       ||   701
         Reflection        |       |       |       |     7 |    36 |    22 |    30 |    60 |   132 ||   287
         Kite shield       |       |       |       |   150 |   721 |  1318 |  1050 |   631 |  6300 || 10170
         Tower shield      |       |       |       |       |       |       |   110 |   574 |       ||   684
